 Dungeon Crawl Stone Soup version 0.29-a0-1052-g6990b1bffc (webtiles) character file.

Game seed: 7040157183651913672

49 spaghetti the Ruffian (level 3, -5/34 HPs)
             Began as a Naga Chaos Knight on Aug 18, 2022.
             Was a Plaything of Xom.
             Constricted to death by Robin (7 damage)
             ... on level 2 of the Dungeon.
             The game lasted 00:02:11 (1064 turns).

spaghetti the Ruffian (Naga Chaos Knight)           Turns: 1064, Time: 00:02:12

Health: -5/34      AC:  6    Str: 16    XL:     3   Next: 77%
Magic:  3/3        EV: -1    Int: 12    God:    Xom [.*....]
Gold:   33         SH:  0    Dex: 10    Spells: 2/2 levels left

rFire   . . .      SeeInvis +     - Unarmed
rCold   . . .      Faith    .   (no shield)
rNeg    . . .      Spirit   .   c - +0 plate armour
rPois   +          Reflect  .   (no helmet)
rElec   .          Harm     .   (no cloak)
rCorr   .          Rampage  .   (no gloves)
Will    .....                   (no barding)
Stlth   ..........              (no amulet)
HPRegen 0.11/turn               (no ring)
MPRegen 0.08/turn               (no ring)

@: short of breath, grasped by roots, constricted, very slow
A: AC +1, large, see invisible, deformed body, poison resistance, slowness 2,
spit poison 1, naga tail 1
a: Spit Poison, Renounce Religion


You were on level 2 of the Dungeon.
You worshipped Xom.
You were a plaything of Xom.
You visited 1 branch of the dungeon, and saw 2 of its levels.

You collected 33 gold pieces.


Innate Abilities, Weirdness & Mutations

Your serpentine skin is tough. (AC +1)
You have supernaturally acute eyesight. (SInv)
Armour fits poorly on your strangely shaped body.
Your system is resistant to poisons. (rPois)
You cover ground very slowly.
You can spit poison.
You have a snake-like lower body.


   Skills:
 * Level 3.5 Fighting
 + Level 1.9 Armour
 + Level 1.1 Dodging
 * Level 3.5 Unarmed Combat
 + Level 0.5 Evocations


You had 2 spell levels left.
You didn't know any spells.
Your spell library was empty.

Inventory:

Missiles
 e - 7 stones {throwing}
Armour
 a - a +2 leather armour
 c - a +0 plate armour (worn)
   (You found it on level 1 of the Dungeon)
Scrolls
 d - a scroll of identify {@r1}
Miscellaneous
 b - a piece from Xom's chessboard (13/15) (quivered)

Dungeon Overview and Level Annotations

Branches:
Dungeon (2/15) Zot: 10745

Altars:

Annotations:
D:2 Robin

#################
##§§§@§§.g†...g..#
#.§###########.g.#
##########.##
#...# #....††..†.#
#...# #.########.#
######g..# #.# #.#
...$.#)..# ###.#
#.# ######g..#
....## #.# #.g.#
.....# #.# #...#


You could see Robin (petrifying, poisoned, slow).


Message History

You take 4 damage, and now have 22/34 hp.
The hobgoblin attacks as you move away! The hobgoblin hits you.
Xom titters.
You are confused.
The hobgoblin looks rather confused. x5; The hobgoblin hits the hobgoblin. x3 😮 HP[-2]
You take 2 damage, and now have 20/34 hp.
Unknown command.
Unknown command.
You bump into the rock wall.
The hobgoblin seems less confused.
The hobgoblin hits the hobgoblin. x2
The hobgoblin is killed!
The hobgoblin hits the hobgoblin.
The hobgoblin is killed!
Unknown command.
You bump into the rock wall.
The hobgoblin hits you but does no damage.
You bump into the rock wall.
The hobgoblin hits you but does no damage. 😮 HP[+1]
You hit the hobgoblin.
You kill the hobgoblin!
You feel less confused. Robin throws the goblin at you!
Aiming: Spit Poison (2% risk of failure)
Press: ? - help, Shift-Dir - straight line, f - goblin
Aim: a goblin, wielding a +0 dagger (strong, 50% to hit)
The splash of poison hits the goblin.
The goblin is poisoned.
You kill the goblin!
Robin throws the goblin at you! The goblin hits you but does no damage.
The hobgoblin barely misses the goblin. 😮 HP[-1]
You take 1 damage, and now have 20/34 hp.
You hit the goblin.
The goblin no longer looks unusually strong.
The goblin hits you but does no damage.
Robin roars a battlecry!
The goblin goes into a battle-frenzy!
You barely miss the goblin.
The hobgoblin seems less confused.
The goblin hits you but does no damage.
You hit the goblin.
You kill the goblin!
The hobgoblin no longer looks unusually strong.
Robin roars a battlecry!
The hobgoblin goes into a battle-frenzy!
You hit the hobgoblin.
You have got your breath back.
The hobgoblin hits you but does no damage.
You hit the hobgoblin.
You kill the hobgoblin!
Robin laughs in a distinctly smug fashion.
You hit the hobgoblin.
The hobgoblin hits you but does no damage.
You hit the hobgoblin.
You kill the hobgoblin!
Robin zaps a wand.
The roots erupt in riotous growth!
The grasping roots grab you! The grasping roots constrict you.
* * * LOW HITPOINT WARNING * * *
You emit a cloud of colourful smoke! 😨 HP[-5]
You take 5 damage, and now have 15/34 hp.
Unknown command.
Unknown command.
You make a move on Xom's chessboard...
Robin seems to slow down. 😨 HP[+1]
The roots grasp on you weakens, but your attempt to escape fails.
The grasping roots constrict you!
* * * LOW HITPOINT WARNING * * *
😨 HP[-7]
You take 7 damage, and now have 9/34 hp.
MASSIVE DAMAGE!! (PAUSE)
Aiming: Spit Poison (2% risk of failure)
Press: ? - help, Shift-Dir - straight line, f - Robin
Aim: Robin, wielding a +0 whip, wearing a +0 animal skin, wearing a +0 helmet and carrying a wand of roots (5) (slow, 70% to hit)
You fail to use your ability.
The grasping roots constrict you!
* * * LOW HITPOINT WARNING * * *
You emit a cloud of colourful smoke!
The grasping roots release their grip on you. 😱 HP[-7]
You take 7 damage, and now have 2/34 hp.
MASSIVE DAMAGE!! (PAUSE) Unknown command.
Unknown command.
Aiming: Spit Poison (2% risk of failure)
Press: ? - help, Shift-Dir - straight line, f/p - Robin
Aim: Robin, wielding a +0 whip, wearing a +0 animal skin, wearing a +0 helmet and carrying a wand of roots (5) (slow, 70% to hit)
The splash of poison hits Robin!
Robin is poisoned.
You aren't carrying any potions.
Okay, then.
You aren't carrying any potions.
You make a move on Xom's chessboard...
Robin is moving more slowly.
Robin zaps a wand.
The roots erupt in riotous growth!
The grasping roots grab you! The grasping roots constrict you!
You die...
Xom bursts into laughter!

Skill      XL: |  1 |
---------------+----+-----
Dodging        | 1 |  1.1
Fighting       | |  3.5
Armour         | |  1.9
Unarmed Combat | |  3.5
Evocations     | |  0.5

Action                   || total
-------------------------++-------
Melee: Unarmed           ||    82
 Abil: Spit Poison       ||    10
Evoke: Piece from Xom's  ||     2
  Use: Scroll            ||     2
Armor: Plate armour      ||    95
       Leather armour    ||     3
Dodge: Dodged            ||     4

Levels and vault maps discovered:
D:1:      elethiomel_arrival_infinity_welcomes_careful_drivers,
          layout_loops_cross, serial_shops, nicolae_shop_stone
D:2:      layout_loops_ring, serial_co_window_serial,
          co_window_of_opportunity_a, co_window_paths_a,
          co_window_of_opportunity_a, co_window_corner_a, co_window_corner_a,
          co_window_corner_a, co_window_corner_b, co_window_2corner,
          co_window_of_opportunity_c, co_window_broadway_c,
          co_window_unsneaky_path_b, glass_columns_a, minivault_24, uniq_robin

Notes
Turn   | Place    | Note
-------+----------+-------------------------------------------
     0 | D:1      | spaghetti the Naga Chaos Knight began the quest for the
                  | Orb.
     0 | D:1      | Reached XP level 1. HP: 21/21 MP: 1/1
     0 | D:1      | magus.rc [v1.9.6]
    75 | D:1      | XOM: potion effect (berserk rage)
   224 | D:1      | Reached skill level 1 in Dodging
   243 | D:1      | Reached XP level 2. HP: 25/28 MP: 2/2
   445 | D:1      | XOM: silly message
   588 | D:1      | XOM: divination: detect creatures
   700 | D:1      | XOM: summons 2 hostile demons
   716 | D:2      | Reached XP level 3. HP: 20/34 MP: 3/3
  1027 | D:2      | Noticed Robin
  1036 | D:2      | XOM: enchant monster (good)
  1046 | D:2      | XOM: confusion (+ monsters)
  1059 | D:2      | XOM: smoke on damage
  1062 | D:2      | HP: 2/34 [constriction (7)]
  1062 | D:2      | XOM: smoke on damage
  1064 | D:2      | Constricted to death by Robin

Vanquished Creatures
  An adder (D:2)
  A dart slug (D:1)
  3 bats
  An endoplasm (D:1)
  4 goblins
  10 hobgoblins
  4 jackals (D:1)
  3 kobolds
  A ball python (D:1)
  A frilled lizard (D:1)
  2 rats (D:2)
31 creatures vanquished.

Vanquished Creatures (collateral kills)
  A goblin (D:2)
1 creature vanquished.

Vanquished Creatures (others)
  A goblin (D:2)
1 creature vanquished.

Grand Total: 33 creatures vanquished

Table legend:
 A = Non-vault XP
 B = Vault XP
 C = Vault XP percentage of total XP
 D = Non-vault monster count
 E = Vault monster count
 F = Vault count percentage of total count
                 A         B        C        D         E       F
            +---------+---------+-------+---------+---------+-------
      Total |      55 |      16 |  22.5 |      24 |       8 |  25.0
            +---------+---------+-------+---------+---------+-------
        D:1 |      29 |       0 |   0.0 |      15 |       0 |   0.0
        D:2 |      26 |      16 |  38.1 |       9 |       8 |  47.1
            +---------+---------+-------+---------+---------+-------

Illustrated notes

Table legend:
 A = Kills in this place as a percentage of kills in entire the game.
 B = Kills by you in this place as a percentage of kills by you in the entire game.
 C = Kills by friends in this place as a percentage of kills by friends in the entire game.
 D = Other kills in this place as a percentage of other kills in the entire game.
 E = Experience gained in this place as a percentage of experience gained in the entire game.
 F = Experience gained in this place divided by the number of levels of this place that you have seen.
                   A       B       C       D       E      F
               +-------+-------+-------+-------+-------+----------------------
         Total | 100.0 | 100.0 | 100.0 | 100.0 | 100.0 |  35.5
       Dungeon | 100.0 | 100.0 | 100.0 | 100.0 | 100.0 |  35.5
               +-------+-------+-------+-------+-------+----------------------

Table legend: (Time is in decaauts)
 A = Elapsed time spent in this place.
 B = Non-inter-level travel time spent in this place.
 C = Inter-level travel time spent in this place.
 D = Time resting spent in this place.
 E = Time spent auto-exploring this place.
 F = Levels seen in this place.
 G = Mean time per level.
                   A        B        C        D        E       F      G
               +--------+--------+--------+--------+--------+-----+--------+
         Total |   1253 |   1214 |     39 |    156 |    825 |   2 |  626.5 |
       Dungeon |   1253 |   1214 |     39 |    156 |    825 |   2 |  626.5 |
               +--------+--------+--------+--------+--------+-----+--------+

Top non-repeatable levels by time:
     D:1: 852 daAuts
     D:2: 400 daAuts
